 Dungeon Crawl Stone Soup version 0.27-a0-906-g0a00ce863d (webtiles) character file.

Game seed: 3114611608629527803

294 porpoise the Digger (level 5, -7/38 HPs)
             Began as a Demigod Earth Elementalist on Apr 7, 2021.
             Killed by a reflected blast of sand
             ... reflected by a gnoll
             ... on level 3 of the Dungeon.
             The game lasted 00:13:58 (6913 turns).

porpoise the Digger (Demigod Earth Elementalist)    Turns: 6913, Time: 00:14:06

Health: -7/38      AC:  3    Str:  9    XL:     5   Next: 85%
Magic:  7/14       EV: 12    Int: 21    God:
Gold:   188        SH:  0    Dex: 14    Spells: 3/12 levels left

rFire    . . .     SeeInvis .   a - +1 spear (freeze)
rCold    . . .     Faith    .   (no shield)
rNeg     . . .     Spirit   .   c - +0 robe
rPois    .         Reflect  .   (no helmet)
rElec    .         Harm     .   p - +0 cloak
rCorr    .         Rampage  .   (no gloves)
Will     .....                  (no boots)
Stlth    ++........             d - amulet of the acrobat
HPRegen  0.12/turn              (no ring)
MPRegen  0.14/turn              (no ring)

@: no status effects
A: high mp 1, forlorn
a: no special abilities


You were on level 3 of the Dungeon.
You visited 1 branch of the dungeon, and saw 3 of its levels.

You collected 188 gold pieces.

Inventory:

Hand Weapons
 a - a +1 spear of freezing (weapon)
 b - a +0 hunting sling
 l - a +2 whip of holy wrath
 u - a +0 hand crossbow
Missiles
 i - 38 arrows
 j - 3 boomerangs of dispersal
 q - 4 poisoned darts
 r - 25 bolts
 w - 16 stones
 A - a throwing net
Armour
 c - a +0 robe (worn)
 p - a +0 cloak (worn)
Jewellery
 d - an amulet of the acrobat (around neck)
Scrolls
 e - 5 scrolls of identify {unknown}
 k - a scroll of enchant armour {unknown}
 n - a scroll of holy word {unknown}
 s - a scroll of noise {unknown}
 t - a scroll of enchant weapon {unknown}
 v - a scroll of torment {unknown}
 x - a scroll of teleportation {unknown}
 y - a scroll of immolation {unknown}
 z - a scroll of vulnerability {unknown}
Potions
 f - 2 potions of mutation {unknown}
 g - 2 potions of heal wounds {unknown}
 h - a potion of invisibility {unknown}
 m - a potion of curing {unknown}
 o - a potion of flight {unknown}


   Skills:
 - Level 1.7 Dodging
 - Level 1.7 Stealth
 + Level 4.0 Spellcasting
 - Level 0.8 Transmutations
 + Level 4.8 Earth Magic


You had 3 spell levels left.
You knew the following spells:

 Your Spells              Type           Power      Damage    Failure   Level
a - Sandblast             Erth           48%        2d12      1%          1
b - Stone Arrow           Conj/Erth      28%        3d8       13%         3
c - Mephitic Cloud        Conj/Pois/Air  4%         N/A       34%         3
k - Blink                 Tloc           N/A        N/A       19%         2

Your spell library contained the following spells:

 Spells                   Type           Power      Damage    Failure   Level
 Passwall                 Tmut/Erth      13%        N/A       5%          2
 Magic Dart               Conj           16%        1d3       12%         1
 Call Imp                 Summ           4%         N/A       19%         2
 Slow                     Hex            4%         N/A       19%         2
 Conjure Flame            Conj/Fire      4%         6-21      34%         3
 Petrify                  Tmut/Erth      16%        N/A       36%         4
 Lee's Rapid Deconstruct  Erth           12%        3d9*      41%         5


Dungeon Overview and Level Annotations

Branches:
Dungeon (3/15)


Innate Abilities, Weirdness & Mutations

Your attributes grow dramatically as you level up.
You have an increased reservoir of magic. (+10% MP)
You shall have no god before yourself.


Message History

Press: ? - help, Shift-Dir - straight line, f/p - gnoll
Aim: a gnoll, wielding a +2 flail of protection and wearing an amulet of reflection (heavily wounded, 17% to evade)
The blast of sand hits the gnoll.
The gnoll is severely wounded.
The gnoll hits you with a +2 flail of protection.
Casting: Sandblast (safe; 1% risk of failure)
Confirm with . or Enter, or press ? or * to list all spells.
Aiming: Sandblast (safe; 1% risk of failure)
Press: ? - help, Shift-Dir - straight line, f/p - gnoll
Aim: a gnoll, wielding a +2 flail of protection and wearing an amulet of reflection (severely wounded, 17% to evade)
The blast of sand reflects off an invisible shield around the gnoll!
The blast of sand hits you!
The gnoll hits you with a +2 flail of protection!
Unknown command.
Casting: Sandblast (safe; 1% risk of failure)
Confirm with . or Enter, or press ? or * to list all spells.
Aiming: Sandblast (safe; 1% risk of failure)
Press: ? - help, Shift-Dir - straight line, f/p - gnoll
Aim: a gnoll, wielding a +2 flail of protection and wearing an amulet of reflection (severely wounded, 17% to evade)
The blast of sand reflects off an invisible shield around the gnoll!
The blast of sand misses you.
The gnoll hits you with a +2 flail of protection!
* * * LOW HITPOINT WARNING * * *
Casting: Sandblast (safe; 1% risk of failure)
Confirm with . or Enter, or press ? or * to list all spells.
Aiming: Sandblast (safe; 1% risk of failure)
Press: ? - help, Shift-Dir - straight line, f/p - gnoll
Aim: a gnoll, wielding a +2 flail of protection and wearing an amulet of reflection (severely wounded, 17% to evade)
The blast of sand reflects off an invisible shield around the gnoll!
The blast of sand hits you!
* * * LOW HITPOINT WARNING * * *
The gnoll barely misses you.
Casting: Sandblast (safe; 1% risk of failure)
Confirm with . or Enter, or press ? or * to list all spells.
Aiming: Sandblast (safe; 1% risk of failure)
Press: ? - help, Shift-Dir - straight line, f/p - gnoll
Aim: a gnoll, wielding a +2 flail of protection and wearing an amulet of reflection (severely wounded, 17% to evade)
The blast of sand reflects off an invisible shield around the gnoll!
The blast of sand hits you!
You die...

####################
...................#
P.............P....#
≈≈≈≈≈≈≈≈≈≈≈≈≈≈≈....#
≈≈≈≈≈≈≈≈≈≈≈≈≈≈≈....#
≈≈≈≈≈≈≈≈#####≈≈....#
........#...#≈≈....#
#########...#≈≈P...#
#'###≈≈.@..#
#.#.≈≈≈.g..#
#.≈≈≈..P.#
#.≈≈≈....#####
#.≈≈≈....#...#
#.≈≈≈....#...#
#.≈≈≈....#...#
#$≈≈≈....#...#
≈≈≈....#...#


You could see a gnoll.

Vanquished Creatures
  Terence (D:2)
  11 gnolls
  6 adders
  2 worms (D:2)
  6 dart slugs
  5 orcs
  6 endoplasms
  5 goblins
  6 hobgoblins
  12 jackals (D:3)
  6 quokkas
  6 ball pythons
  5 bats
  4 frilled lizards
  5 kobolds
  7 rats
93 creatures vanquished.

Vanquished Creatures (others)
  2 plants (D:3)
2 creatures vanquished.

Grand Total: 95 creatures vanquished

Notes
Turn   | Place    | Note
-------+----------+-------------------------------------------
     0 | D:1      | porpoise the Demigod Earth Elementalist began the quest for
                  | the Orb.
     0 | D:1      | Reached XP level 1. HP: 14/14 MP: 5/5
   817 | D:1      | Reached XP level 2. HP: 20/20 MP: 7/7
  2289 | D:2      | Reached XP level 3. HP: 25/26 MP: 1/9
  3112 | D:2      | Noticed Terence
  3119 | D:2      | Reached XP level 4. HP: 26/33 MP: 5/11
  4087 | D:2      | Killed Terence
  4115 | D:2      | Learned a level 3 spell: Stone Arrow
  4118 | D:2      | Learned a level 2 spell: Blink
  4123 | D:2      | Learned a level 3 spell: Mephitic Cloud
  4636 | D:3      | Reached XP level 5. HP: 34/38 MP: 10/13
  6913 | D:3      | Killed by a reflected blast of sand
                  | ... reflected by a gnoll

Illustrated notes

Levels and vault maps discovered:
D:1:      dpeg_arrival_more_subterranean_lakeside_camping, layout_rooms,
          shapermc_ecumenical_altar_starsandcircs
D:2:      layout_rooms, minmay_pentomino_w4, uniq_terence
D:3:      lemuel_castle_with_subvaults [lemuel_castle_interior_carwin_3],
          layout_rooms, amcnicky_altar_gilded

Skill      XL: |  1  2  3  4  5 |
---------------+----------------+-----
Spellcasting   | 2 3 4 |  4.0
Earth Magic    | 3 4 |  4.8
Dodging        | |  1.7
Stealth        | |  1.7
Transmutations | |  0.8

Action                   |  1- 3 |  4- 6 || total
-------------------------+-------+-------++-------
Melee: Unarmed           |    19 |       ||    19
       Short sword       |    49 |       ||    49
       Dagger            |     9 |       ||     9
       Spear             |    10 |   112 ||   122
       Whip              |       |    27 ||    27
Throw: Dart              |       |     4 ||     4
 Cast: Sandblast         |    45 |    55 ||   100
 Stab: Sleeping          |     2 |     2 ||     4
Armor: Robe              |    12 |    34 ||    46
Dodge: Dodged            |    73 |   107 ||   180

Table legend: (Time is in decaauts)
 A = Elapsed time spent in this place.
 B = Non-inter-level travel time spent in this place.
 C = Inter-level travel time spent in this place.
 D = Time resting spent in this place.
 E = Time spent auto-exploring this place.
 F = Levels seen in this place.
 G = Mean time per level.
                   A        B        C        D        E       F      G
               +--------+--------+--------+--------+--------+-----+--------+
         Total |   6931 |   6883 |     48 |   4741 |   1223 |   3 | 2310.3 |
       Dungeon |   6931 |   6883 |     48 |   4741 |   1223 |   3 | 2310.3 |
               +--------+--------+--------+--------+--------+-----+--------+

Top non-repeatable levels by time:
     D:3: 2561 daAuts
     D:2: 2244 daAuts
     D:1: 2125 daAuts
